 Dungeon Crawl Stone Soup version 0.20.1-1-g8b1a95d (webtiles) character file.

66 letownia2 the Grave Robber (level 3, 0/28 HPs)
             Began as a Deep Dwarf Necromancer on Dec 28, 2017.
             Slain by an orc
             ... wielding a +0 trident
              (1 damage)
             ... on level 3 of the Dungeon.
             The game lasted 00:02:24 (518 turns).

letownia2 the Grave Robber (Deep Dwarf Necromancer)  Turns: 518, Time: 00:02:25

Health: 0/28       AC:  2    Str: 11    XL:     3   Next: 96%
Magic:  2/6        EV: 12    Int: 16    God:
Gold:   46         SH:  0    Dex: 13    Spells: 2/6 levels left

rFire    . . .     SeeInvis .   f - +0 hand axe (drain)
rCold    . . .     Gourm    .   (no shield)
rNeg     . . .     Faith    .   a - +0 robe
rPois    .         Spirit   .   (no helmet)
rElec    .         Reflect  .   (no cloak)
rCorr    .         Harm     .   (no gloves)
MR       .....                  (no boots)
Stlth    ++........             (no amulet)
Regen    0.0/turn               (no ring)
MPRegen  0.1/turn               (no ring)

@: very slightly contaminated, non-regenerating
A: damage resistance, heal wounds, sense surroundings 1, no regeneration
a: Heal Wounds


You were on level 3 of the Dungeon.
You were not hungry.

You visited 1 branch of the dungeon, and saw 3 of its levels.

You collected 46 gold pieces.

Inventory:

Hand Weapons
 f - a +0 hand axe of draining (weapon)
Missiles
 e - 11 bolts
Armour
 a - a +0 robe (worn)
Scrolls
 h - 2 scrolls of fear {unknown}
 i - a scroll of amnesia {unknown}
Books
 b - a book of Necromancy

   Spells                             Type                      Level
   a - Pain                           Necromancy                   1
   b - Animate Skeleton               Necromancy                   1
   c - Vampiric Draining              Necromancy                   3
   d - Regeneration                   Charms/Necromancy            3
   e - Animate Dead                   Necromancy                   4
   f - Control Undead                 Necromancy                   4
Comestibles
 c - 3 bread rations
 d - a meat ration
 g - 2 chunks of flesh


   Skills:
 + Level 1.2 Axes
 - Level 2.1 Dodging
 - Level 2.4 Stealth
 - Level 2.2 Spellcasting
 - Level 5.5 Necromancy


You had 2 spell levels left.
You knew the following spells:

 Your Spells              Type           Power        Failure   Level  Hunger
a - Pain                  Necr           ###.         1%          1    #......
v - Vampiric Draining     Necr           ###.......   6%          3    ###....


Dungeon Overview and Level Annotations

Branches:
Dungeon (3/15)

Altars:
Kikubaaqudgha
Uskayaw


Innate Abilities, Weirdness & Mutations

You are resistant to damage.
You can heal yourself by infusing magical energy.
You passively map a small area around you.
You do not regenerate.


Message History

The orc hits you with a whip.
* * * LOW HITPOINT WARNING * * *
The orc hits you with a whip.
You hit the orc but do no damage. You drain the orc!
The orc is almost dead.
The orc barely misses you.
You hit the orc.
You kill the orc!
You hit the hobgoblin. You drain the hobgoblin!
The hobgoblin is almost dead.
The orc barely misses you. The hobgoblin hits you with a club.
* * * LOW HITPOINT WARNING * * *
You closely miss the hobgoblin.
The hobgoblin is almost dead.
The orc misses you. The hobgoblin closely misses you.
Unknown command.
You barely miss the hobgoblin.
The hobgoblin is almost dead.
The orc hits you from afar with a trident.
You die...

* ,, #†#
#8...8##o#
##.....##.#
#8.....8#o#
*#.....##o#
#8...8 #o#
##>##*#.#
#######.#
*#@gooo.#
########


You could see 3 orcs and a hobgoblin.

Vanquished Creatures
  A hound skeleton (D:3)
  A howler monkey skeleton (D:3)
  2 adders
  2 oozes
  An orc (D:3)
  A giant cockroach (D:1)
  A goblin (D:1)
  A hobgoblin (D:2)
  2 ball pythons
  5 bats
  2 frilled lizards
  A rat (D:3)
20 creatures vanquished.

Notes
Turn   | Place    | Note
-------+----------+-------------------------------------------
     0 | D:1      | letownia2 the Deep Dwarf Necromancer began the quest for the Orb.
     0 | D:1      | Reached XP level 1. HP: 15/15 MP: 3/3
   181 | D:2      | Reached XP level 2. HP: 22/22 MP: 1/5
   320 | D:2      | Reached skill level 5 in Necromancy
   321 | D:2      | Reached XP level 3. HP: 14/28 MP: 2/6
   326 | D:2      | Learned a level 3 spell: Vampiric Draining
   432 | D:3      | Found a hide-covered altar of Uskayaw.
   446 | D:3      | Found an ancient bone altar of Kikubaaqudgha.
   501 | D:3      | Reached skill level 1 in Axes
   516 | D:3      | HP: 1/28 [hobgoblin/club (3)]
   518 | D:3      | Slain by an orc

Skill      XL: |  1  2  3 |
---------------+----------+-----
Spellcasting   | 2 |  2.2
Necromancy     | 5 |  5.5
Axes           | 1 |  1.2
Dodging        | |  2.1
Stealth        | |  2.4

Action                   || total
-------------------------++-------
Melee: Unarmed           ||     9
       Hand axe          ||    47
 Cast: Pain              ||    22
       Vampiric Draining ||     2
 Stab: Sleeping          ||     1
Armor: Robe              ||    22
Dodge: Dodged            ||    70
